 Dungeon Crawl Stone Soup version 0.21-a0-111-g52d2817 (webtiles) character file.

32 HitlerSphincter the Sneak (level 3, -3/18 HPs)
             Began as a Spriggan Assassin on July 4, 2017.
             Killed from afar by Sigmund (6 damage)
             ... with a puff of flame
             ... on level 2 of the Dungeon on July 12, 2017.
             The game lasted 00:02:01 (1335 turns).

HitlerSphincter the Sneak (Spriggan Assassin)       Turns: 1335, Time: 00:02:02

Health: -3/18      AC:  3    Str:  7      XL:     3   Next: 8%
Magic:  4/4        EV: 17    Int: 12      God:
Gold:   46         SH:  0    Dex: 16 (18) Spells: 2/2 levels left

rFire    . . .     SeeInvis +   a - +2 dagger
rCold    . . .     Gourm    .   (shield restricted)
rNeg     . . .     Faith    .   c - +0 robe
rPois    .         Spirit   .   (helmet restricted)
rElec    .         Reflect  .   d - +0 cloak
rCorr    .         Harm     .   (gloves unavailable)
MR       .....     Rnd*Tele +   (boots unavailable)
Stlth    ++++......             (no amulet)
HPRegen  0.06/turn              (no ring)
MPRegen  0.09/turn              (no ring)

@: very quick
A: unfitting armour, see invisible, deterioration 1, herbivore 3, speed 3, slow
metabolism 2, teleportitis 1
a: no special abilities


You were on level 2 of the Dungeon.
You were not hungry.

You visited 1 branch of the dungeon, and saw 2 of its levels.

You collected 46 gold pieces.

Inventory:

Hand Weapons
 a - a +2 dagger (weapon)
 b - a +0 blowgun
Missiles
 e - 8 poisoned needles
 f - 2 curare-tipped needles
Armour
 c - a +0 robe (worn)
 d - a +0 cloak (worn)
Jewellery
 h - an uncursed ring of protection from fire {unknown}
Scrolls
 j - a scroll of enchant armour {unknown}
Comestibles
 g - a bread ration
 k - a royal jelly


   Skills:
 + Level 1.6 Fighting
 + Level 2.5 Short Blades
 + Level 2.0 Throwing
 + Level 1.9 Dodging
 * Level 7.1 Stealth


You had 2 spell levels left.
You didn't know any spells.

Dungeon Overview and Level Annotations

Branches:
Dungeon (2/15)

Altars:

Annotations:
D:2 Sigmund


Innate Abilities, Weirdness & Mutations

You are very small and have problems with some larger weapons.
You are too small for most types of armour.
You have supernaturally acute eyesight. (SInv)
You are a herbivore.
You cover ground extremely quickly.
You need consume almost no food.
Your body sometimes deteriorates upon taking damage.
You are occasionally teleported next to monsters.


Message History

You hit Sigmund.
Sigmund is moderately wounded.
You closely miss Sigmund.
Sigmund is moderately wounded.
Sigmund misses you.
You barely miss Sigmund.
Sigmund is moderately wounded.
Sigmund completely misses you.
You closely miss Sigmund.
Sigmund is moderately wounded.
You closely miss Sigmund.
Sigmund is moderately wounded.
Sigmund closely misses you.
You hit Sigmund but do no damage.
Sigmund is moderately wounded.
You hit Sigmund but do no damage.
Sigmund is moderately wounded.
Sigmund points at you and mumbles some strange words.
The puff of flame hits you!
You die...

.# ##.# #
#..###..#
#.###
#.(....#
#.....##..#
#..<.######
####......#
#...####...
#.@## #@##
#. ##


You could see Sigmund.

Vanquished Creatures
  A dart slug (D:1)
  A leopard gecko (D:1)
  3 giant cockroaches (D:1)
  A goblin (D:1)
  6 hobgoblins (D:1)
  5 kobolds (D:1)
  6 bats (D:1)
  A frilled lizard (D:1)
  2 rats (D:1)
26 creatures vanquished.

Notes
Turn   | Place    | Note
-------+----------+-------------------------------------------
     0 | D:1      | HitlerSphincter the Spriggan Assassin began the quest for the Orb.
     0 | D:1      | Reached XP level 1. HP: 10/10 MP: 2/2
    31 | D:1      | Reached skill level 6 in Stealth
   371 | D:1      | Reached XP level 2. HP: 13/14 MP: 3/3
   603 | D:1      | Reached skill level 7 in Stealth
   649 | D:1      | Reached XP level 3. HP: 15/18 MP: 4/4
  1249 | D:1      | Upgraded the game from 0.21-a0-84-g85d6d27 to 0.21-a0-111-g52d2817
  1296 | D:2      | Noticed Sigmund
  1301 | D:2      | Gained mutation: You are occasionally teleported next to monsters. [potion of mutation]
  1301 | D:2      | Gained mutation: Your body sometimes deteriorates upon taking damage. [potion of mutation]
  1335 | D:2      | Killed from afar by Sigmund

Vault maps used:
D:1:      lightli_arrival_noodles
D:2:      uniq_terence, uniq_sigmund

Skill      XL: |  1  2 |
---------------+-------+-----
Stealth        | 6 7 |  7.1
Fighting       | |  1.6
Short Blades   | |  2.5
Throwing       | |  2.0
Dodging        | |  1.9

Action                   || total
-------------------------++-------
Melee: Dagger            ||   115
  Use: Potion            ||     3
 Stab: Sleeping          ||     9
       Distracted        ||     1
Armor: Robe              ||    11
Dodge: Dodged            ||    64
